 Dungeon Crawl Stone Soup version 0.26.1 (webtiles) character file.

Game seed: 5514626200613977633

12673 KamiKatze the Nimble (level 11, -1/90 HPs)
             Began as a Merfolk Berserker on Feb 6, 2021.
             Was a High Priest of Trog.
             Slain by an eight-headed hydra (7 damage)
             ... on level 9 of the Dungeon.
             The game lasted 00:47:07 (13500 turns).

KamiKatze the Nimble (Merfolk Berserker)           Turns: 13500, Time: 00:47:09

Health: -1/90      AC: 12    Str: 21    XL:     11   Next: 97%
Magic:  11/11      EV: 16    Int:  7    God:    Trog [*****.]
Gold:   774        SH:  0    Dex: 13    Spells: 10/10 levels left

rFire    + + .     SeeInvis .   w - +0 morningstar
rCold    . . .     Faith    .   (no shield)
rNeg     . . .     Spirit   .   G - +2 scale mail {rF+}
rPois    +         Reflect  .   (no helmet)
rElec    .         Harm     .   C - +0 cloak {Will+}
rCorr    .         Rampage  .   (no gloves)
Will     +....                  D - +0 pair of boots
Stlth    ..........             (no amulet)
HPRegen  0.25/turn              H - ring of protection from fire
MPRegen  0.12/turn              M - ring of poison resistance

@: no status effects
A: change form in water, swift swim, stealthy swim
a: Renounce Religion, Berserk, Trog's Hand, Brothers in Arms


You were on level 9 of the Dungeon.
You worshipped Trog.
Trog was extremely pleased with you.
You visited 3 branches of the dungeon, and saw 13 of its levels.

You collected 774 gold pieces.

Inventory:

Hand Weapons
 a - a +1 war axe
 u - a +0 hand axe
 w - a +0 morningstar (weapon)
 Q - the +3 hand axe of Armageddon {vorpal, Str+3}
   (You found it on level 8 of the Dungeon)

   It inflicts extra damage upon your enemies.
   It affects your strength (+3).
 S - a +0 battleaxe
Missiles
 o - 410 stones
 q - 43 poisoned darts (quivered)
 t - 2 boomerangs
 E - a throwing net
Armour
 p - a +0 tower shield
 y - a +0 chain mail
 C - a +0 cloak of willpower (worn)
 D - a +0 pair of boots (worn)
 G - a +2 scale mail of fire resistance (worn)
 U - a +0 plate armour
Jewellery
 b - an uncursed ring of flight
 m - an uncursed ring of positive energy
 H - a ring of protection from fire (left hand)
 M - a ring of poison resistance (right hand)
Wands
 x - a wand of iceblast (12)
 F - a wand of digging (12)
 K - a wand of random effects (39)
 O - a wand of flame (40)
 P - a wand of polymorph (13)
 W - a wand of disintegration (17)
 Y - a wand of acid (9)
Scrolls
 c - 4 scrolls of teleportation
 e - 4 scrolls of enchant weapon
 f - 7 scrolls of remove curse
 h - a scroll of immolation
 j - a scroll of identify
 r - 4 scrolls of magic mapping
 s - a scroll of noise
 A - a scroll of fear {unknown}
 B - a scroll of random uselessness {unknown}
 J - a scroll of holy word {unknown}
 L - 2 scrolls of fog {unknown}
 R - 3 scrolls of blinking {unknown}
 V - a scroll of enchant armour {unknown}
Potions
 d - 3 potions of haste
 g - 2 potions of cancellation
 i - 5 potions of curing
 k - 3 potions of magic
 l - a potion of lignification {unknown}
 n - a potion of might {unknown}
 v - 3 potions of flight
 z - 2 potions of resistance
 I - a potion of berserk rage {unknown}
 N - 2 potions of attraction
Miscellaneous
 T - a condenser vane
 X - a phial of floods


   Skills:
 + Level 9.7 Fighting
 * Level 10.2 Axes
 + Level 6.5 Armour
 + Level 11.0 Dodging
 + Level 3.1 Evocations


You had 10 spell levels left.
You didn't know any spells.
Your spell library was empty.

Dungeon Overview and Level Annotations

Branches:
Dungeon (11/15)            Temple (1/1) D:7            Lair (1/6) D:9
    Orc (0/2) D:11

Altars:
Ashenzari
Cheibriados
Dithmenos
Elyvilon
Fedhas
Gozag
Hepliaklqana
Kikubaaqudgha
Makhleb
Nemelex Xobeh
Okawaru
Qazlal
Ru
Sif Muna
Trog
Uskayaw
Vehumet
Wu Jian
Xom
Yredelemnul
Zin
The Shining One

Shops:
D:10 }


Message History

The eight-headed hydra completely misses you.
The eight-headed hydra bites you.
* * * LOW HITPOINT WARNING * * *
The eight-headed hydra barely misses you.
The water moccasin bites you but does no damage.
You climb upwards.
Welcome back to the Dungeon!
There is a staircase to the Lair here.
Unknown command.
The cane toad stings you!
* * * LOW HITPOINT WARNING * * *
The cane toad misses you.
Unknown command.
As you read the scroll labelled BAPOACI XOAHURR, it crumbles to dust.
You hear a loud clanging noise!
It was a scroll of noise.
The water moccasin completely misses you.
The eight-headed hydra bites you but does no damage. x2
The eight-headed hydra barely misses you.
The eight-headed hydra misses you. The eight-headed hydra bites you!
You die...

.....###### ######..........#
..........## ##...............#
####..###.>###...###.....)....#
## ##.# #####.....##..........#
.####.# #.......#..........#
...##[## ##.P.....#.........##
##.....# #...................#
####.#[####.....F.............#
)[..)[.).#.....S@.............#
####.##........D..............#
..##....#.....................#
#.####.....#.......#.........##
#.# #.....#.......#........##
#.# #.....##.....##.....####
#.####.....###...###.....#
#...##.......##..........#
###......#..####..>......##


You could see an eight-headed hydra, a cane toad and a water moccasin.

Vanquished Creatures
  Erolcha (D:9)
  2 two-headed ogres (D:8)
  Pikel (D:7)
  A cyclops (D:11)
  Maurice (D:8)
  Joseph (D:8)
  A troll (D:11)
  Sigmund (D:3)
  8 humans (D:7)
  11 yaks
  3 wargs (D:9)
  Duvessa (D:7)
  5 orc warriors
  A swamp drake (D:11)
  A sky beast (D:5)
  4 black bears
  7 ogres
  4 wolves
  4 centaurs
  A lemure (D:7)
  9 bullfrogs
  A big kobold (D:11)
  Dowan (D:8)
  4 scorpions
  13 killer bees
  4 wights (D:9)
  3 howler monkeys
  A quasit (D:10)
  11 orc priests
  4 hounds
  2 jellies
  A centaur skeleton (D:6)
  6 iguanas
  An iron imp (D:8)
  Crazy Yiuf (D:3)
  Jessica (D:2)
  A bullfrog skeleton (D:9)
  Ijyb (D:3)
  12 orc wizards
  6 worker ants
  A killer bee zombie (D:9)
  A hound skeleton (D:5)
  2 worker ant zombies
  3 gnolls (D:5)
  10 adders
  2 shadow imps
  4 white imps
  2 oozes
  3 adder zombies
  2 adder skeletons
  2 worms (D:3)
  9 leopard geckos
  46 orcs
  4 giant cockroaches
  6 hobgoblins
  15 jackals
  13 kobolds
  4 quokkas
  4 bats
  8 frilled lizards
  14 goblins
  A quokka skeleton (D:4)
  14 rats
312 creatures vanquished.

Vanquished Creatures (others)
  An orc (D:9)
  6 plants (Lair:1)
7 creatures vanquished.

Grand Total: 319 creatures vanquished

Notes
Turn   | Place    | Note
-------+----------+-------------------------------------------
     0 | D:1      | KamiKatze the Merfolk Berserker began the quest for the
                  | Orb.
     0 | D:1      | Reached XP level 1. HP: 18/18 MP: 1/1
    65 | D:1      | Reached XP level 2. HP: 24/24 MP: 2/2
    74 | D:1      | Reached skill level 3 in Dodging
   324 | D:1      | Reached XP level 3. HP: 15/29 MP: 3/3
   348 | D:1      | Reached ** piety under Trog
   743 | D:2      | Noticed Jessica
   855 | D:2      | Killed Jessica
   856 | D:2      | Reached XP level 4. HP: 37/37 MP: 4/4
  1689 | D:2      | Reached XP level 5. HP: 41/42 MP: 5/5
  2004 | D:3      | Noticed Ijyb
  2009 | D:3      | Reached skill level 4 in Dodging
  2018 | D:3      | Killed Ijyb
  2019 | D:3      | Reached XP level 6. HP: 28/49 MP: 6/6
  2139 | D:3      | Reached *** piety under Trog
  2298 | D:3      | Noticed Sigmund
  2319 | D:3      | Killed Sigmund
  2320 | D:3      | Reached skill level 1 in Evocations
  2414 | D:3      | Found a glowing silver altar of Zin.
  2716 | D:3      | Reached XP level 7. HP: 55/55 MP: 7/7
  2764 | D:3      | Found a runed translucent door.
  2765 | D:3      | Noticed Crazy Yiuf
  2774 | D:3      | Killed Crazy Yiuf
  3326 | D:4      | Found a shimmering altar of Xom.
  3539 | D:5      | Entered Level 5 of the Dungeon
  3624 | D:5      | Reached skill level 5 in Dodging
  4059 | D:5      | Reached skill level 5 in Fighting
  4520 | D:5      | Reached skill level 5 in Axes
  4520 | D:5      | Reached XP level 8. HP: 17/62 MP: 8/8
  5387 | D:6      | Reached **** piety under Trog
  5979 | D:6      | Reached skill level 6 in Dodging
  6422 | D:7      | Noticed a yak
  6424 | D:7      | Noticed a yak
  6426 | D:7      | Noticed a yak
  6428 | D:7      | Noticed a yak
  6433 | D:7      | Killed a yak
  6447 | D:7      | Noticed a yak
  6456 | D:7      | Noticed a yak
  6457 | D:7      | Reached XP level 9. HP: 53/69 MP: 9/9
  6468 | D:7      | Reached skill level 7 in Dodging
  6537 | D:7      | Reached skill level 8 in Dodging
  6568 | D:7      | Reached XP level 10. HP: 28/79 MP: 10/10
  6645 | D:7      | Found a staircase to the Ecumenical Temple.
  6655 | D:7      | Noticed Dowan
  6778 | D:7      | Noticed Duvessa
  6789 | D:7      | Killed Duvessa
  6803 | D:8      | Killed Dowan
  6804 | D:8      | Reached skill level 5 in Armour
  6818 | Temple   | Entered the Ecumenical Temple
  7810 | D:7      | Noticed Pikel
  7822 | D:7      | Killed Pikel
  7823 | D:7      | Reached skill level 9 in Dodging
  8211 | D:8      | Got a shimmering hand axe
  8212 | D:8      | Identified the +3 hand axe of Armageddon {vorpal, Str+3}
                  | (You found it on level 8 of the Dungeon)
  8371 | D:8      | Found a basalt altar of Yredelemnul.
  8378 | D:8      | Noticed Maurice
  8391 | D:8      | Noticed a two-headed ogre
  8621 | D:8      | Killed Maurice
  8861 | D:8      | Noticed a two-headed ogre
  8874 | D:8      | Killed a two-headed ogre
  8993 | D:8      | Killed a two-headed ogre
  8994 | D:8      | Reached XP level 11. HP: 87/87 MP: 11/11
  9090 | D:8      | Found a snail-covered altar of Cheibriados.
  9166 | D:8      | Reached skill level 10 in Dodging
  9237 | D:8      | Noticed Joseph
  9256 | D:8      | Killed Joseph
  9797 | D:9      | Noticed Erolcha
  9813 | D:9      | Killed Erolcha
 10294 | D:9      | Found a staircase to the Lair.
 10523 | D:9      | Found a sacrificial altar of Ru.
 10775 | D:10     | Entered Level 10 of the Dungeon
 11041 | D:10     | Found Bobleota's Gadget Emporium.
 12190 | D:11     | Reached skill level 10 in Axes
 12752 | D:11     | Found a staircase to the Orcish Mines.
 12767 | D:11     | Reached ***** piety under Trog
 12809 | D:11     | Noticed a cyclops
 12853 | D:11     | Killed a cyclops
 13293 | Lair:1   | Entered Level 1 of the Lair of Beasts
 13328 | Lair:1   | Reached skill level 11 in Dodging
 13354 | Lair:1   | Noticed an eight-headed hydra
 13500 | D:9      | Slain by an eight-headed hydra

Illustrated notes

Levels and vault maps discovered:
D:1:      onia_arrival_handbag, layout_rooms
D:2:      layout_basic, grunt_ministairs_14, minmay_stone_trees_medium,
          hangedman_decor_growths, kennysheep_boxes, uniq_jessica
D:3:      layout_basic, zin_academy, uniq_sigmund, uniq_ijyb,
          uniq_crazy_yiuf_cottage
D:4:      layout_rooms, lemuel_tele_altar
D:5:      layout_loops_corners, minivault_27, patterned_corridor
D:6:      layout_layer_cave
D:7:      erik_cavepeople, layout_loops_corners, minmay_temple_entry_junction_2,
          uniq_pikel, uniq_duvessa
D:8:      layout_gridville, slow_altar_1, yredelemnul_altar_generic,
          uniq_joseph, uniq_maurice
D:9:      layout_rooms, kennysheep_mini, erik_lair_orcish_takeover, uniq_erolcha
D:10:     layout_layer_cave, serial_shops, shop
D:11:     layout_rooms, erik_orc_1
Temple:   eino_narrow_crystal_temple
Lair:1:   layout_concentric_octagons, grunt_megastairs_3,
          minmay_lair_oklob_chamber, serial_bayou_shore_a

Skill      XL: |  1  2  3  4  5  6  7  8  9 10 11 |
---------------+----------------------------------+-----
Dodging        | 3 4 5 6 8 9 11 | 11.0
Axes           | 3 4 5 6 7 9 10 | 10.2
Armour         | 2 3 4 5 6 |  6.5
Fighting       | 4 5 6 7 8 9 |  9.7
Evocations     | 1 2 3 |  3.1

Action                   |  1- 3 |  4- 6 |  7- 9 | 10-12 || total
-------------------------+-------+-------+-------+-------++-------
Melee: Hand axe          |    95 |   200 |   132 |    23 ||   450
       War axe           |       |       |   304 |   582 ||   886
Throw: Stone             |       |     4 |       |     4 ||     8
       Dart              |       |     2 |     3 |    20 ||    25
Invok: Berserk           |     2 |     5 |     4 |    10 ||    21
       Trog's Hand       |       |     2 |     5 |     6 ||    13
Evoke: Wand              |       |       |       |     4 ||     4
  Use: Scroll            |       |       |       |    18 ||    18
       Potion            |       |       |       |     2 ||     2
 Stab: Distracted        |       |     1 |       |       ||     1
       Sleeping          |       |     1 |       |       ||     1
Armor: Animal skin       |     9 |       |       |       ||     9
       Robe              |       |    15 |       |       ||    15
       Leather armour    |       |     2 |       |       ||     2
       Ring mail         |       |    13 |     3 |       ||    16
       Scale mail        |       |       |   156 |   201 ||   357
Dodge: Dodged            |    60 |   125 |   281 |   546 ||  1012
